 Dungeon Crawl Stone Soup version 0.19-a0-1895-g783e625 (webtiles) character file.

2550 dobroeutro the Archer (level 9, -4/79 HPs)
             Began as a Centaur Hunter on Oct 18, 2016.
             Was a Believer of Okawaru.
             Slain by a wyvern (14 damage)
             ... on level 8 of the Dungeon.
             The game lasted 00:18:48 (6403 turns).

dobroeutro the Archer (Centaur Hunter)              Turns: 6403, Time: 00:18:49

Health: -4/79      AC:  9    Str: 23    XL:     9   Next: 30%
Magic:  7/9        EV: 12    Int: 10    God:    Okawaru [**....]
Gold:   337        SH:  0    Dex: 11    Spells: 0 memorised, 8 levels left

rFire  + . .     SeeInvis .     a - +1 shortbow
rCold  + . .     Gourm    .     s - +1 robe "Leyn" {-Tele rC+ Regen+ Str+2}
rNeg   . . .     Faith    .     (shield currently unavailable)
rPois  .         Spirit   .     (no helmet)
rElec  .         Reflect  .     x - +2 cloak {MR+}
rCorr  .         Harm     .     y - +0 pair of gloves (curse)
MR     +....     NoTele   +     (no barding)
Stlth  ++........               (no amulet)
                                J - +4 ring of strength
                                E - ring of protection from fire

@: heroism, drained, very quick
A: hooves 3, deformed body, speed 2, tough skin 3
a: Heroism, Renounce Religion


You were on level 8 of the Dungeon.
You worshipped Okawaru.
Okawaru was pleased with you.
You were hungry.

You visited 2 branches of the dungeon, and saw 9 of its levels.
You also visited: Sewer.

You collected 337 gold pieces.

Inventory:

Hand Weapons
 a - a +1 shortbow (weapon)
 w - a +0 rapier
 I - a +2 falchion of electrocution
Missiles
 d - 87 arrows (quivered)
Armour
 c - a +0 leather armour
 s - the +1 robe "Leyn" (worn) {-Tele rC+ Regen+ Str+2}
   (You found it on level 1 of the Dungeon)

   It affects your strength (+2).
   It protects you from cold.
   It prevents most forms of teleportation.
   It increases your rate of regeneration.
 x - a +2 cloak of magic resistance (worn)
 y - a cursed +0 pair of gloves (worn)
Jewellery
 E - a ring of protection from fire (left hand)
 G - an uncursed ring of ice
 J - a +4 ring of strength (right hand)
 M - an uncursed ring of flight
Wands
 q - a wand of iceblast (8/15)
Scrolls
 h - 2 scrolls of amnesia {unknown}
 j - 5 scrolls of recharging {unknown}
 k - 3 scrolls of remove curse {unknown}
 p - 3 scrolls of enchant armour {unknown}
 r - a scroll of acquirement {unknown}
 u - 3 scrolls of teleportation {unknown}
 v - 6 scrolls of identify {unknown}
 z - 4 scrolls of fog {unknown}
 A - 2 scrolls of blinking {unknown}
 D - a scroll of enchant weapon {unknown}
 H - a scroll of magic mapping {unknown}
 L - a scroll of noise {unknown}
 N - a scroll of immolation {unknown}
 O - a scroll of fear {unknown}
Potions
 b - a potion of ambrosia {unknown}
 g - 2 potions of agility
 i - 2 potions of degeneration {unknown}
 m - 3 potions of haste {unknown}
 n - 5 potions of flight
 t - a potion of invisibility {unknown}
 B - a potion of heal wounds
 C - 3 potions of brilliance {unknown}
 K - a potion of resistance {unknown}
Comestibles
 f - 6 bread rations
 l - 2 slices of pizza
 o - a meat ration
 F - 2 royal jellies


   Skills:
 + Level 7.5(12.1) Fighting
 - Level 4.2(9.9) Short Blades
 + Level 4.7(10.2) Long Blades
 + Level 10.8(15.4) Bows
 - Level 1.3(6.0) Dodging
 - Level 0.4(5.1) Stealth


You had 8 spell levels left.
You didn't know any spells.

Dungeon Overview and Level Annotations

Branches:
Dungeon (8/15)             Temple (1/1) D:7
   Lair: D:8-11

Altars:
Ashenzari
Cheibriados
Elyvilon
Fedhas
Gozag
Hepliaklqana
Kikubaaqudgha
Makhleb
Nemelex Xobeh
Okawaru
Ru
Sif Muna
Trog
Uskayaw
Vehumet
Xom
Yredelemnul
Zin
The Shining One


Innate Abilities, Weirdness & Mutations

You have hooves in place of feet.
Armour fits poorly on your strangely shaped body.
You cover ground very quickly.
You have extremely tough skin. (AC +3)


Message History

You shoot an arrow. The arrow hits the wyvern.
The wyvern is moderately wounded.
The wyvern bites you!
Firing (i - inventory):
d - 89 arrows (quivered)
Press: ? - help, Shift-Dir - straight line, f/p - wyvern
Aim: a wyvern (moderately wounded)
You shoot an arrow. The arrow hits the wyvern.
The wyvern is heavily wounded.
The wyvern bites you but does no damage.
Firing (i - inventory):
d - 88 arrows (quivered)
Press: ? - help, Shift-Dir - straight line, f/p - wyvern
Aim: a wyvern (heavily wounded)
You shoot an arrow. The arrow barely misses the wyvern.
The wyvern completely misses you. The wyvern bites you.
* * * LOW HITPOINT WARNING * * *
You gain the combat prowess of a mighty hero.
The wyvern bites you!
* * * LOW HITPOINT WARNING * * *
The wyvern bites you!
You die...

#....### ##.##
#......###...## #######
..#.............####.....#
...........##..........###
###......####......####
#####..## #.....## #...#
#....## ##..###....#
#.@.##...## ##l......#
#.......# ##.......##
#...###...## #### ##..##
###..## #..## #..##
##..#### #...# ##.(##
##..#.# ##..## ##....#
##..##


You could see a wyvern.

Vanquished Creatures
  The ghost of poirepourri the Thaumaturge, a novice DECj of Vehumet (D:8)
  A wyvern (D:7)
  Menkaure (D:7)
  2 orc warriors
  An ice beast (D:8)
  2 ogres
  3 centaurs (D:8)
  A phantom (D:7)
  3 bullfrogs
  2 big kobolds
  The ghost of Nuatha the Sneak, an amateur SpAK of Lugonu (D:3)
  2 scorpions
  The ghost of Raws the Skirmisher, a weakling HEAK of Lugonu (Sewer)
  A centaur zombie (D:8)
  A crimson imp (D:8)
  A bullfrog skeleton (D:8)
  A centaur skeleton (D:7)
  3 jellies
  An iguana (D:7)
  5 orc wizards
  4 worker ants
  Ijyb (D:3)
  A hound zombie (D:8)
  A worker ant zombie (D:5)
  A howler monkey skeleton (D:5)
  11 adders
  A shadow imp (D:8)
  3 oozes
  An adder zombie (D:6)
  4 worms
  5 dart slugs
  2 leopard geckos
  22 orcs
  5 ball pythons
  10 bats
  4 giant cockroaches
  9 goblins
  11 hobgoblins
  10 jackals
  28 kobolds
  A quokka (D:3)
  8 frilled lizards
  A jackal skeleton (D:4)
  A quokka skeleton (D:6)
  13 rats
  3 plants
195 creatures vanquished.

Vanquished Creatures (others)
  An orc wizard (D:6)
  2 fulminant prisms (D:8)
3 creatures vanquished.

Grand Total: 198 creatures vanquished

Notes
Turn   | Place    | Note
-------+----------+-------------------------------------------
     0 | D:1      | dobroeutro the Centaur Hunter began the quest for the Orb.
     0 | D:1      | Reached XP level 1. HP: 17/17 MP: 1/1
   121 | D:1      | Reached XP level 2. HP: 12/24 MP: 2/2
   187 | D:1      | Reached skill level 1 in Short Blades
   604 | D:1      | Reached XP level 3. HP: 29/30 MP: 3/3
   890 | D:1      | Got a thick robe
   901 | D:1      | Identified the +1 robe "Leyn" {-Tele rC+ Regen+ Str+2} (You found it on level 1 of the Dungeon)
  1314 | D:2      | Found a glowing golden altar of the Shining One.
  1385 | D:2      | Reached XP level 4. HP: 30/37 MP: 4/4
  1444 | D:2      | Reached skill level 6 in Bows
  1746 | D:2      | Found a sacrificial altar of Ru.
  2085 | D:3      | Noticed Nuatha's ghost (amateur SpAK)
  2103 | D:3      | Killed Nuatha's ghost
  2103 | D:3      | Reached XP level 5. HP: 35/45 MP: 5/5
  2530 | D:3      | Found a glowing drain.
  2537 | Sewer    | Entered a sewer
  2560 | Sewer    | Noticed Raws's ghost (weakling HEAK)
  2574 | Sewer    | Killed Raws's ghost
  2574 | Sewer    | Reached skill level 7 in Bows
  2574 | Sewer    | Reached XP level 6. HP: 42/52 MP: 6/6
  2979 | D:3      | Noticed Ijyb
  2987 | D:3      | Killed Ijyb
  3117 | D:4      | Found a burning altar of Makhleb.
  3206 | D:4      | Found a glowing silver altar of Zin.
  3259 | D:4      | Reached XP level 7. HP: 44/60 MP: 7/7
  3459 | D:4      | Found a snail-covered altar of Cheibriados.
  3551 | D:4      | Reached skill level 8 in Bows
  3616 | D:4      | Found a deep blue altar of Sif Muna.
  3700 | D:5      | Entered Level 5 of the Dungeon
  4260 | D:5      | Found a shimmering altar of Xom.
  4262 | D:5      | Found an iron altar of Okawaru.
  4262 | D:5      | Found a stormy altar of Qazlal.
  4264 | D:5      | Found a bloodstained altar of Trog.
  4264 | D:5      | Found a burning altar of Makhleb.
  4264 | D:5      | Found a sacrificial altar of Ru.
  4332 | D:6      | Reached skill level 5 in Fighting
  4332 | D:6      | Reached skill level 1 in Long Blades
  4577 | D:6      | Found a shattered altar of Ashenzari.
  4598 | D:6      | Reached XP level 8. HP: 64/69 MP: 8/8
  4752 | D:6      | Found a bloodstained altar of Trog.
  4759 | D:6      | Got a polished trident
  4760 | D:6      | Identified the +4 trident of the Sage {pain, +Blink} (You found it on level 6 of the Dungeon)
  5020 | D:7      | Found a staircase to the Ecumenical Temple.
  5035 | D:7      | Reached skill level 9 in Bows
  5045 | Temple   | Entered the Ecumenical Temple
  5058 | Temple   | Became a worshipper of Warmaster Okawaru
  5272 | D:7      | Noticed Menkaure
  5282 | D:7      | Killed Menkaure
  5597 | D:7      | Reached * piety under Okawaru
  5743 | D:8      | Reached skill level 10 in Bows
  5847 | D:8      | Reached XP level 9. HP: 39/79 MP: 9/9
  5940 | D:7      | HP: 3/79 [wyvern (11)]
  6115 | D:8      | Noticed poirepourri's ghost (novice DECj)
  6129 | D:8      | Killed poirepourri's ghost
  6129 | D:8      | Reached ** piety under Okawaru
  6403 | D:8      | Slain by a wyvern

Vault maps used:
D:1:      eino_arrival_cavern_e, minivault_5
D:2:      nicolae_tso_swordbearing_angel, lemuel_crystal_altar, serial_forest,
          infiniplex_forest_lined_2, infiniplex_forest_3_way,
          infiniplex_forest_corner_2, infiniplex_forest_straight_2,
          infiniplex_forest_clump_medium, minivault_19
D:3:      first_bread, gup_sewer_entry_bubbles, uniq_iyjb
D:4:      bloody_makhleb, gammafunk_temple_overflow_forgotten,
          kennysheep_generic_room_2
D:5:      doesnt_xom_only_xom
D:6:      lemuel_round_altar, lightli_temple_of_fire, hangedman_decor_opposing,
          dk_rats_in_the_wall
D:7:      uniq_menkaure
D:8:      minmay_cut_squares, uniq_joseph
Temple:   cyrus_circular_temple
Sewer:    kennysheep_pipe_town

Skill      XL: |  1  2  3  4  5  6  7  8 |
---------------+-------------------------+-----
Short Blades   | 1 2 3 4 |  4.2
Bows           | 6 7 8 10 | 10.8
Fighting       | 3 4 5 7 |  7.5
Long Blades    | 2 4 |  4.7
Dodging        | |  1.3
Stealth        | |  0.4

Action                   |  1- 3 |  4- 6 |  7- 9 || total
-------------------------+-------+-------+-------++-------
Melee: Short sword       |   196 |    51 |       ||   247
       Kick              |    33 |   106 |    60 ||   199
       Rapier            |       |   287 |    59 ||   346
       Falchion          |       |       |   139 ||   139
       Shortbow          |       |       |     3 ||     3
 Fire: Shortbow          |     3 |    57 |   127 ||   187
Invok: Heroism           |       |       |     1 ||     1
  Use: Potion            |       |       |    10 ||    10
  Eat: Chunk             |     1 |     6 |     7 ||    14
Armor: Leather armour    |    65 |       |       ||    65
       Robe              |    19 |   123 |   112 ||   254
Dodge: Dodged            |   112 |   135 |   122 ||   369
       Rpst.: Falchion   |       |       |    25 ||    25
